 Dungeon Crawl Stone Soup version 0.30.1-9-gdf580d7c3d (webtiles) character file.

Game seed: 16444515176048099218

674 lonewolfV2 the Lightning Rod (level 7, -3/78 HPs)
             Began as a Demonspawn Fighter on Oct 26, 2023.
             Was a Follower of Qazlal.
             Slain by a gnoll
             ... wielding a +0 spear
             ... led by a gnoll bouda
              (4 damage)
             ... on level 5 of the Dungeon.
             The game lasted 00:06:36 (4630 turns).

lonewolfV2 the Lightning Rod (Demonspawn Fighter)   Turns: 4630, Time: 00:06:36

Health: -3/78      AC:  9    Str: 18    XL:     7   Next: 33%
Magic:  11/11      EV:  9    Int:  9    God:    Qazlal [*.....]
Gold:   268        SH: 10    Dex: 13    Spells: 6/6 levels left

rFire   . . .        a - +0 war axe
rCold   + . .        h - +0 kite shield
rNeg    . . .        b - +0 scale mail
rPois   .            (helmet restricted)
rElec   .            r - +0 cloak
rCorr   .            g - +0 pair of gloves
SInv    +            (no boots)
Will    .....        (no amulet) Stlth
                     l - ring of see invisible
HPRegen 0.33/turn    m - ring of protection from cold
MPRegen 0.12/turn

%: no passive effects
@: mighty, berserking, very quick
A: antennae 1, ignite blood 1, powered by pain 1
a: Renounce Religion


You were on level 5 of the Dungeon.
You worshipped Qazlal.
Qazlal was aware of your devotion.
You visited 2 branches of the dungeon, and saw 6 of its levels.

You collected 268 gold pieces.

Inventory:

Hand Weapons
 a - a +0 war axe (weapon)
Armour
 b - a +0 scale mail (worn)
 g - a +0 pair of gloves (worn)
 h - a +0 kite shield (worn)
 r - a +0 cloak (worn)
Jewellery
 l - a ring of see invisible (left hand)
 m - a ring of protection from cold (right hand)
Scrolls
 n - a scroll of identify
 p - a scroll of blinking {unknown}
 q - 2 scrolls of teleportation {unknown}
Potions
 c - 2 potions of curing {unknown}
 e - a potion of cancellation {unknown}
 i - 2 potions of heal wounds {unknown}
 j - a potion of ambrosia {unknown}
 o - a potion of flight {unknown}


   Skills:
 - Level 3.0 Fighting
 - Level 1.7 Axes
 + Level 4.7 Armour
 + Level 4.6 Dodging
 - Level 2.6 Shields
 + Level 5.3 Invocations


You had 6 spell levels left.
You didn't know any spells.
Your spell library contained the following spells:

 Spells                   Type           Power      Damage    Failure   Level
 Sandblast                Erth           0%         2d4       98%         1
 Passwall                 Tmut/Erth      0%         N/A       99%         2
 Static Discharge         Conj/Air       0%         2-2/arc   99%         2
 Ozocubu's Armour         Ice            0%         N/A       100%        3
 Stone Arrow              Conj/Erth      0%         3d7       100%        3
 Airstrike                Air            0%         2d(0-16)  100%        4
 Summon Lightning Spire   Summ/Air       0%         N/A       100%        4
 Ozocubu's Refrigeration  Ice            0%         4d7       100%        7


Dungeon Overview and Level Annotations

Branches:
Dungeon (5/15)             Temple (1/1) D:4

Altars:
Ashenzari
Cheibriados
Dithmenos
Kikubaaqudgha
Nemelex Xobeh
Qazlal
Ru
Sif Muna
Trog
Uskayaw
Vehumet
Wu Jian
Xom
Yredelemnul


Innate Abilities, Weirdness & Mutations

You have a pair of small antennae on your head.
Your demonic aura sometimes causes spilled blood to erupt in flames.
You sometimes gain a little power by taking damage.


Message History

You hear an angry hiss.
The gnoll barely misses you. The gnoll hits you with a +0 spear.
* * * LOW HITPOINT WARNING * * *
You slash the gnoll!
You kill the gnoll!
Qazlal accepts your kill.
You are now surrounded by a storm.
The gnoll bouda barks out a call to the hunt!
The gnoll picks up the pace!
You feel very mighty all of a sudden.
The gnoll shouts!
You hit the gnoll bouda.
The gnoll bouda is severely wounded.
The gnoll bouda is engulfed in blazing flames.
You kill the gnoll bouda!
Qazlal accepts your kill.
Items here: )) [ †.
You barely miss the gnoll.
The gnoll is lightly wounded.
The gnoll hits you from afar with a +0 spear.
* * * LOW HITPOINT WARNING * * *
The gnoll barely misses you. x2; The centaur shoots an arrow.
The arrow barely misses you. You block the gnoll's attack.
The gnoll attacks as you move away! The gnoll hits you with a +0 flail.
* * * LOW HITPOINT WARNING * * *
A red film seems to cover your vision as you go berserk!
You feel yourself moving faster!
You feel mighty! You block the gnoll's attack. The gnoll barely misses you.
You hit the gnoll.
The gnoll is heavily wounded.
The gnoll hits you from afar with a +0 spear.
* * * LOW HITPOINT WARNING * * *
You block the gnoll's attack.
You closely miss the gnoll.
The gnoll is heavily wounded.
You block the gnoll's attack. The gnoll barely misses you.
You barely miss the gnoll.
The gnoll is heavily wounded.
You block the gnoll's attack. The gnoll barely misses you.
The gnoll hits you from afar with a +0 spear.
You die...

#.....# #.........c.....
+....#######
#..............g
#....##....#
#......#######..
#..........######......#
..
#..........##...#......#
.
##....##.........#g.....#
##....##.........g{.....#
#......#........g#{.....#
#......#........@#......#
#.....##....##..☼#......#
#.....########...#......#
##....##....###'##......#
##....##....##...#......#
##....#..........#......#
##....##'#####...#......#
#.....##....##...#......#
#................#


You could see 3 gnolls.

Vanquished Creatures
  A phantom (D:4)
  A kobold brigand (D:5)
  2 jellies (D:5)
  A gnoll bouda (D:5)
  5 hounds
  A sleepcap (D:3)
  2 iguanas
  9 adders
  A gnoll (D:5)
  3 worms
  2 dart slugs (D:4)
  3 orcs
  7 ball pythons
  7 endoplasms
  6 giant cockroaches
  8 goblins
  14 hobgoblins
  2 jackals (D:4)
  8 quokkas
  6 bats
  4 frilled lizards
  11 kobolds
  A rat (D:3)
105 creatures vanquished.

Notes
Turn   | Place    | Note
-------+----------+-------------------------------------------
     0 | D:1      | lonewolfV2 the Demonspawn Fighter began the quest for the
                  | Orb.
     0 | D:1      | Reached XP level 1. HP: 18/18 MP: 1/1
   157 | D:1      | Reached skill level 1 in Dodging
   157 | D:1      | Reached skill level 1 in Invocations
   157 | D:1      | Gained mutation: You have a pair of small antennae on your
                  | head. [demonic ancestry]
   157 | D:1      | Reached XP level 2. HP: 23/24 MP: 2/2
   675 | D:2      | Reached XP level 3. HP: 16/29 MP: 2/4
   868 | D:2      | Reached skill level 2 in Invocations
   884 | D:2      | Reached XP level 4. HP: 29/35 MP: 5/5
  1702 | D:3      | Reached XP level 5. HP: 29/41 MP: 5/7
  2098 | D:3      | Reached skill level 3 in Invocations
  2185 | D:3      | Found a sacrificial altar of Ru.
  3232 | D:4      | Gained mutation: You sometimes gain a little power by
                  | taking damage. [demonic ancestry]
  3232 | D:4      | Reached XP level 6. HP: 31/47 MP: 8/8
  3436 | D:4      | Found a bloodstained altar of Trog.
  3552 | D:4      | Found a staircase to the Ecumenical Temple.
  3565 | Temple   | Entered the Ecumenical Temple
  3648 | Temple   | Became a worshipper of Qazlal Stormbringer
  3753 | D:4      | Reached skill level 4 in Invocations
  3867 | D:4      | Found an ancient bone altar of Kikubaaqudgha.
  4043 | D:5      | Entered Level 5 of the Dungeon
  4280 | D:5      | Gained mutation: Your demonic aura sometimes causes spilled
                  | blood to erupt in flames. [demonic ancestry]
  4280 | D:5      | Reached XP level 7. HP: 42/52 MP: 10/10
  4341 | D:5      | Reached skill level 5 in Invocations
  4594 | D:5      | HP: 2/52 [centaur/arrow (2)]
  4621 | D:5      | Reached * piety under Qazlal
  4626 | D:5      | HP: 2/52 [gnoll/+0 flail[a gnoll bouda] (2)]
  4630 | D:5      | Slain by a gnoll

Illustrated notes

Levels and vault maps discovered:
D:1:      lightli_arrival_statue_moat, layout_basic
D:2:      layout_loops_corners, hangedman_glass_teeth, minmay_tetromino_o2
D:3:      layout_basic, nicolae_ru_awakened_eye, interstate_on_off,
          hex_intersection, grunt_ministairs_13
D:4:      layout_basic, amethyst_overflow_temple_binary, bloody_trog,
          minmay_temple_entry_statues_pillars
D:5:      layout_gridville, ebering_ghost_rock_garden, uniq_edmund
Temple:   compressed_dpeg_triangle_lava_temple

Skill      XL: |  1  2  3  4  5  6  7 |
---------------+----------------------+-----
Dodging        | 1 2 3 4 |  4.6
Invocations    | 1 2 3 4 5 |  5.3
Armour         | 3 4 |  4.7
Fighting       | |  3.0
Axes           | |  1.7
Shields        | |  2.6

Action                     |  1- 3 |  4- 6 |  7- 9 || total
---------------------------+-------+-------+-------++-------
  Melee: War axe           |    75 |   266 |    26 ||   367
    Use: Scroll            |     1 |     4 |     2 ||     7
         Potion            |       |       |     2 ||     2
 Armour: Scale mail        |    43 |   125 |    30 ||   198
  Dodge: Dodged            |    55 |   146 |    29 ||   230
  Block: Buckler           |    10 |       |       ||    10
         Kite shield       |    19 |   164 |    30 ||   213
